 Dungeon Crawl Stone Soup version 0.19.1 (webtiles) character file.

24 Jerry the Charmwright (level 2, -2/25 HPs)
             Began as a Demigod Skald on Dec 25, 2016.
             Slain by a centaur zombie (5 damage)
             ... on level 1 of the Dungeon.
             The game lasted 00:01:20 (1064 turns).

Jerry the Charmwright (Demigod Skald)               Turns: 1064, Time: 00:01:20

Health: -2/25      AC:  3    Str: 15    XL:     2   Next: 60%
Magic:  7/7        EV: 11    Int: 16    God:
Gold:   27         SH:  0    Dex: 15    Spells: 1 memorised, 3 levels left

rFire  . . .     SeeInvis .     a - +0 falchion
rCold  . . .     Gourm    .     b - +0 leather armour
rNeg   . . .     Faith    .     (no shield)
rPois  .         Spirit   .     (no helmet)
rElec  .         Reflect  .     (no cloak)
rCorr  .         Harm     .     (no gloves)
MR     .....                    (no boots)
Stlth  +.........               (no amulet)
                                (no ring)
                                (no ring)

@: no status effects
A: high mp 1
a: no special abilities


You were on level 1 of the Dungeon.
You were hungry.

You visited 1 branch of the dungeon, and saw 1 of its levels.

You collected 27 gold pieces.

Inventory:

Hand Weapons
 a - a +0 falchion (weapon)
Armour
 b - a +0 leather armour (worn)
Jewellery
 j - an uncursed ring of protection from cold {unknown}
Scrolls
 e - a scroll of remove curse {unknown}
 f - 3 scrolls of identify {unknown}
 h - a scroll of enchant armour {unknown}
Books
 c - a book of Battle

   Spells                             Type                      Level
   a - Infusion                       Charms                       1
   b - Shroud of Golubria             Charms/Translocation         2
   c - Song of Slaying                Charms                       2
   d - Spectral Weapon                Hexes/Charms                 3
   e - Regeneration                   Charms/Necromancy            3
Comestibles
 d - 2 bread rations
 g - a beef jerky
 i - 2 chunks of flesh


   Skills:
 + Level 2.3 Fighting
 + Level 2.1 Long Blades
 + Level 1.6 Armour
 - Level 0.8 Dodging
 - Level 1.7 Spellcasting
 - Level 2.6 Charms


You had 3 spell levels left.
You knew the following spells:

 Your Spells              Type           Power        Failure   Level  Hunger
a - Infusion              Chrm           ##..         10%         1    ##.....


Dungeon Overview and Level Annotations

Branches:
Dungeon (1/15)


Innate Abilities, Weirdness & Mutations

You have an increased reservoir of magic. (+10% MP)


Message History

The centaur zombie is almost destroyed.
You are feeling hungry.
The centaur zombie hits you.
You hit the centaur zombie but do no damage.
The centaur zombie is almost destroyed.
The centaur zombie hits you. The centaur zombie hits you!
* * * LOW HITPOINT WARNING * * *
You are too injured to fight recklessly!
You are too injured to fight recklessly!
You are too injured to fight recklessly!
You are too injured to fight recklessly!
You hit the centaur zombie.
The centaur zombie is almost destroyed.
The centaur zombie hits you.
* * * LOW HITPOINT WARNING * * *
You hit the centaur zombie but do no damage.
The centaur zombie is almost destroyed.
The centaur zombie hits you but does no damage.
The centaur zombie hits you.
You die...

#.# #......#.#######
#.####......#........ #.
#.................... ..
#.####............... ..
#.####..)รท...######## #.
#.##.........#......# #.####
####.####.......#......# #.#...
#...............#......#####.#...
#...>...........@......'.........
#...............#Z.....#####.#...
#..........#+##+#......# #.##..
#............... ....... #. #..
#.......b............... #. #..
#....................... #. #..
#....................... #. #..
#.................##.... .. #..
#..........#....# .#######+##..


You could see a centaur zombie.

Vanquished Creatures
  An ooze (D:1)
  2 goblins (D:1)
  4 hobgoblins (D:1)
  5 kobolds (D:1)
  5 bats (D:1)
  2 rats (D:1)
19 creatures vanquished.

Notes
Turn   | Place    | Note
-------+----------+-------------------------------------------
     0 | D:1      | Jerry the Demigod Skald began the quest for the Orb.
     0 | D:1      | Reached XP level 1. HP: 17/17 MP: 5/5
    16 | D:1      | Reached skill level 1 in Armour
   719 | D:1      | Reached XP level 2. HP: 17/24 MP: 7/7
  1064 | D:1      | Slain by a centaur zombie

Skill      XL: |  1 |
---------------+----+-----
Armour         | 1 |  1.6
Long Blades    | 2 |  2.1
Fighting       | 2 |  2.3
Dodging        | |  0.8
Spellcasting   | |  1.7
Charms         | |  2.6

Action                   || total
-------------------------++-------
Melee: Falchion          ||    54
 Stab: Sleeping          ||     2
Armor: Leather armour    ||    18
Dodge: Dodged            ||    30
       Rpst.: Falchion   ||    11
